 Dungeon Crawl Stone Soup version 0.20.1-1-g8b1a95d (webtiles) character file.

5564 NoNouf the Protected (level 10, -1/59 HPs)
             Began as a Gargoyle Earth Elementalist on Aug 7, 2017.
             Was a Believer of Okawaru.
             Slain by a fire dragon (6 damage)
             ... on level 8 of the Dungeon on Aug 8, 2017.
             The game lasted 01:23:17 (8238 turns).

NoNouf the Protected (Gargoyle Earth Elementalist)  Turns: 8238, Time: 01:23:18

Health: -1/59      AC: 20    Str: 16      XL:     10   Next: 72%
Magic:  20/20      EV: 12    Int: 17 (18) God:    Okawaru [**....]
Gold:   605        SH:  0    Dex: 12      Spells: 14/23 levels left

rFire    . . .     SeeInvis +   O - +3 rapier (holy)
rCold    . . .     Gourm    .   (no shield)
rNeg     + . .     Faith    .   z - +1 troll leather armour of Youthful Indiscretion {Regen+ Slay+2 SInv}
rPois    ∞         Spirit   .   (no helmet)
rElec    +         Reflect  .   (no cloak)
rCorr    .         Harm     .   (no gloves)
MR       .....     Clarity  +   B - +1 pair of boots
Stlth    ++++......             (no amulet)
Regen    0.6/turn               u - +3 ring of dexterity
MPRegen  0.2/turn               w - +4 ring of protection

@: about to teleport
A: camouflage 1, clarity, clever 1, clumsy 1, deterioration 1, negative energy
resistance 1, electricity resistance, strong 1, unbreathing, petrification
resistance, rot immunity, AC +7
a: Heroism, Renounce Religion


You were on level 8 of the Dungeon.
You worshipped Okawaru.
Okawaru was pleased with you.
You were not hungry.

You visited 1 branch of the dungeon, and saw 8 of its levels.

You collected 605 gold pieces.

Inventory:

Hand Weapons
 p - a +3 dagger
 O - a +3 rapier of holy wrath (weapon)
Missiles
 b - 148 stones (quivered)
Armour
 f - a +1 robe of magic resistance
 i - a +2 robe of fire resistance
 z - the +1 troll leather armour of Youthful Indiscretion (worn) {Regen+ Slay+2 SInv}
   (You found it on level 4 of the Dungeon)

   It affects your accuracy and damage with ranged weapons and melee attacks
   (+2).
   It lets you see invisible.
   It increases your rate of regeneration.
 A - the +2 robe "Estejy" {Str+2}
   (You took it off an orc on level 4 of the Dungeon)

   It affects your strength (+2).
 B - a +1 pair of boots (worn)
 K - +2 shadow dragon scales
 M - a +0 buckler
Magical Staves
 q - an uncursed staff of air
Jewellery
 j - an uncursed ring of poison resistance
 t - an uncursed ring of see invisible
 u - a +3 ring of dexterity (left hand)
 w - a +4 ring of protection (right hand)
Wands
 y - a wand of polymorph (10/24)
 C - a wand of polymorph (12/24)
 E - a wand of iceblast (11/15)
 N - a wand of scattershot (3/9)
Scrolls
 g - a scroll of amnesia
 l - 3 scrolls of remove curse
 n - a scroll of random uselessness {unknown}
 D - a scroll of immolation {unknown}
 I - 6 scrolls of identify {unknown}
 P - a scroll of noise {unknown}
Potions
 a - a potion of lignification
 c - 3 potions of flight
 k - 2 potions of curing
 o - a potion of mutation
 F - a potion of might
Books
 e - a book of Geomancy

   Spells                             Type                      Level
   a - Sandblast                      Earth                        1
   b - Passwall                       Transmutation/Earth          2
   c - Stone Arrow                    Conjuration/Earth            3
   d - Petrify                        Transmutation/Earth          4
   e - Lee's Rapid Deconstruction     Earth                        5
 v - a book of Minor Magic

   Spells                             Type                      Level
   a - Magic Dart                     Conjuration                  1
   b - Blink                          Translocation                2
   c - Call Imp                       Summoning                    2
   d - Slow                           Hexes                        2
   e - Conjure Flame                  Conjuration/Fire             3
   f - Mephitic Cloud                 Conjuration/Poison/Air       3
 G - a book of Air

   Spells                             Type                      Level
   a - Shock                          Conjuration/Air              1
   b - Swiftness                      Charms/Air                   2
   c - Static Discharge               Conjuration/Air              3
   d - Airstrike                      Air                          4
   e - Lightning Bolt                 Conjuration/Air              5
 L - a book of Frost

   Spells                             Type                      Level
   a - Freeze                         Ice                          1
   b - Throw Frost                    Conjuration/Ice              2
   c - Ozocubu's Armour               Charms/Ice                   3
   d - Throw Icicle                   Conjuration/Ice              4
   e - Summon Ice Beast               Ice/Summoning                4
Comestibles
 d - 5 bread rations
 h - 9 meat rations
 s - a fruit


   Skills:
 + Level 5.5 Fighting
 - Level 9.2 Armour
 - Level 1.5 Dodging
 - Level 5.1 Stealth
 - Level 7.1 Spellcasting
 - Level 7.5 Conjurations
   Level 0.7 Transmutations
 - Level 7.3 Earth Magic
 + Level 0.2 Invocations


You had 14 spell levels left.
You knew the following spells:

 Your Spells              Type           Power        Failure   Level  Hunger
a - Sandblast             Erth           ####..       1%          1    None
b - Stone Arrow           Conj/Erth      ####..       1%          3    ##.....
c - Lee's Rapid Deconstr  Erth           ####......   19%         5    #####..


Dungeon Overview and Level Annotations

Branches:
Dungeon (8/15)             Temple (0/1) D:7
   Lair: D:8-11

Altars:
Elyvilon
Okawaru
Xom
Yredelemnul
The Shining One

Shops:
D:8 [


Innate Abilities, Weirdness & Mutations

You are resistant to torment.
Your stone body is resilient. (AC +7)
You are immune to poison.
You resist negative energy. (rN+)
You are resistant to electric shocks. (rElec)
You can survive without breathing.
You are immune to petrification.
You are immune to rotting.
Your skin changes colour to match your surroundings (Stealth+).
You possess an exceptional clarity of mind.
Your mind is acute. (Int +2)
You are clumsy. (Dex -2)
Your body sometimes deteriorates upon taking damage.
Your muscles are strong. (Str +2)


Message History

Your body deteriorates!
You feel dopey. The fire dragon misses you. The fire dragon closely misses you.
The orc wizard hits you but does no damage.
The orc misses you. The fire dragon barely misses you.
The fire dragon misses you. The fire dragon completely misses you.
As you read the scroll of teleportation, it crumbles to dust.
You feel strangely unstable.
The orc wizard points at you and mumbles some strange words.
The puff of flame hits you!
The orc wizard gestures wildly while chanting.
The orc wizard blinks!
The orc barely misses you. The fire dragon misses you.
The fire dragon claws you but does no damage.
The fire dragon tramples you but does no damage.
You hit the orc.
The orc is almost dead.
The orc wizard gestures wildly while chanting.
The orc wizard blinks!
The orc wizard hits you but does no damage.
The orc closely misses you. The fire dragon bites you.
You die...

### #F..# ..### ##.....#
....## ###.......# ......##
###.§§..# ## ........##
###.§§§§.#
##........#####....§#§.....
##........#.....### #####
#..........D##
########.....###@### ....#
#####.###ooo..... ....#
##.....#§..... ....#####
#..###.#....$.
........###.## #.# .....
........##..# #.# ..§..
............# ... ....
............# ... ....
............#


You could see a fire dragon, an orc wizard and 2 orcs.

Vanquished Creatures
  A deep elf mage (D:8)
  The ghost of miragecloak the Cleaver, a novice HOAK of Lugonu (D:5)
  A gargoyle (D:8)
  A slime creature (D:7)
  A basilisk (D:8)
  Duvessa (D:5)
  2 black bears
  A sky beast (D:8)
  An orc warrior (D:5)
  7 phantoms
  4 ice beasts
  2 centaurs (D:7)
  An ogre (D:7)
  2 bullfrogs
  Blork the orc (D:5)
  A wyvern skeleton (D:6)
  3 scorpions
  Dowan (D:5)
  4 wights (D:4)
  2 howler monkeys
  3 centaur zombies
  4 hounds
  8 jellies
  6 orc priests
  A bullfrog skeleton (D:8)
  2 centaur skeletons
  6 orc wizards
  3 iguanas
  8 worker ants
  6 gnolls
  8 adders
  2 shadow imps
  15 oozes (D:6)
  2 adder skeletons
  6 worms
  3 dart slugs
  4 leopard geckos
  23 orcs
  A ball python (D:4)
  6 bats
  7 giant cockroaches
  7 goblins
  12 hobgoblins
  8 jackals
  9 quokkas
  3 frilled lizards
  8 kobolds
  A leopard gecko skeleton (D:4)
  5 rats
215 creatures vanquished.

Vanquished Creatures (others)
  A bullfrog (D:8)
  A howler monkey (D:8)
  An orc wizard (D:8)
  A worker ant (D:8)
  An adder (D:8)
  6 fungi (D:6)
11 creatures vanquished.

Grand Total: 226 creatures vanquished

Notes
Turn   | Place    | Note
-------+----------+-------------------------------------------
     0 | D:1      | NoNouf the Gargoyle Earth Elementalist began the quest for the Orb.
     0 | D:1      | Reached XP level 1. HP: 10/10 MP: 3/3
   267 | D:1      | Reached XP level 2. HP: 15/15 MP: 3/5
   801 | D:2      | Reached XP level 3. HP: 20/20 MP: 4/6
   809 | D:2      | Learned a level 3 spell: Stone Arrow
   938 | D:2      | Found a glowing golden altar of the Shining One.
  1039 | D:2      | Reached XP level 4. HP: 23/24 MP: 3/7
  1320 | D:2      | Reached skill level 5 in Stealth
  1681 | D:3      | Reached skill level 1 in Fighting
  1750 | D:3      | Found a white marble altar of Elyvilon.
  1972 | D:3      | Reached XP level 5. HP: 28/29 MP: 5/8
  2283 | D:3      | Reached skill level 5 in Earth Magic
  2404 | D:4      | Reached XP level 6. HP: 33/36 MP: 5/9
  2420 | D:4      | Reached skill level 1 in Conjurations
  2607 | D:4      | Got a polished troll leather armour
  2618 | D:4      | Identified the cursed +1 troll leather armour of Youthful Indiscretion {Regen+ Slay+2 SInv} (You found it on level 4 of the Dungeon)
  2667 | D:4      | Got a tattered robe
  2797 | D:4      | Noticed a phantom
  2816 | D:4      | Killed a phantom
  2816 | D:4      | Reached XP level 7. HP: 38/43 MP: 0/10
  3177 | D:4      | Reached skill level 5 in Conjurations
  3704 | D:5      | Entered Level 5 of the Dungeon
  3739 | D:5      | Noticed miragecloak's ghost (novice HOAK)
  3755 | D:5      | Killed miragecloak's ghost
  3755 | D:5      | Reached XP level 8. HP: 33/48 MP: 0/11
  3924 | D:5      | Reached skill level 5 in Fighting
  4131 | D:5      | Noticed Duvessa
  4131 | D:5      | Noticed Dowan
  4135 | D:5      | Killed Dowan
  4164 | D:5      | Killed Duvessa
  4272 | D:5      | Identified the +2 robe "Estejy" {Str+2} (You took it off an orc on level 4 of the Dungeon)
  4571 | D:5      | Reached skill level 1 in Armour
  4607 | D:5      | Noticed Blork the orc
  4636 | D:5      | Killed Blork the orc
  4636 | D:5      | Reached skill level 2 in Armour
  4636 | D:5      | Reached XP level 9. HP: 45/54 MP: 3/15
  4888 | D:5      | Reached skill level 3 in Armour
  5278 | D:6      | Reached skill level 4 in Armour
  5493 | D:6      | Reached skill level 5 in Armour
  5613 | D:6      | Reached skill level 6 in Armour
  5877 | D:5      | Gained mutation: Your body sometimes deteriorates upon taking damage. [potion of mutation]
  5877 | D:5      | Gained mutation: You possess an exceptional clarity of mind. [potion of mutation]
  5877 | D:5      | Gained mutation: Your skin changes colour to match your surroundings (Stealth+). [potion of mutation]
  6289 | D:6      | Found an iron altar of Okawaru.
  6320 | D:6      | Became a worshipper of Warmaster Okawaru
  6381 | D:6      | Reached skill level 8 in Armour
  6510 | D:7      | Reached * piety under Okawaru
  6732 | D:6      | Reached skill level 9 in Armour
  6749 | D:6      | Reached XP level 10. HP: 52/59 MP: 6/16
  7346 | D:7      | Found a staircase to the Ecumenical Temple.
  7446 | D:7      | Learned a level 5 spell: Lee's Rapid Deconstruction
  7864 | D:8      | Noticed a gargoyle
  7868 | D:8      | Killed a gargoyle
  7868 | D:8      | Reached ** piety under Okawaru
  7868 | D:8      | Reached skill level 5 in Spellcasting
  7888 | D:8      | Noticed a deep elf mage
  7903 | D:8      | Killed a deep elf mage
  8025 | D:8      | Found Udghey Idyosi's Armour Boutique.
  8038 | D:8      | Found a basalt altar of Yredelemnul.
  8062 | D:8      | Gained mutation: Your muscles are strong. (Str +2) [mutagenic meat]
  8063 | D:8      | Gained mutation: You are clumsy. (Dex -2) [mutagenic meat]
  8064 | D:8      | Gained mutation: Your mind is acute. (Int +2) [mutagenic meat]
  8115 | D:8      | Found a shimmering altar of Xom.
  8207 | D:8      | Noticed a fire dragon
  8220 | D:8      | HP: 2/59 [fire dragon/blast of flame (51)]
  8238 | D:8      | Slain by a fire dragon

Skill      XL: |  1  2  3  4  5  6  7  8  9 10 |
---------------+-------------------------------+-----
Stealth        | 3 4 5 |  5.1
Earth Magic    | 4 5 7 |  7.3
Fighting       | 1 2 4 5 |  5.5
Conjurations   | 3 7 |  7.5
Spellcasting   | 4 7 |  7.1
Armour         | 2 9 |  9.2
Dodging        | |  1.5
Transmutations | |  0.7
Invocations    | |  0.2

Action                   |  1- 3 |  4- 6 |  7- 9 | 10-12 || total
-------------------------+-------+-------+-------+-------++-------
Melee: Dagger            |    52 |   190 |   129 |     6 ||   377
       Rapier            |       |       |   312 |   211 ||   523
Throw: Stone             |     5 |       |       |       ||     5
 Cast: Sandblast         |    32 |    43 |    53 |     6 ||   134
       Stone Arrow       |       |     5 |    33 |     6 ||    44
       Lee's Rapid Decon |       |       |       |     8 ||     8
Invok: Heroism           |       |       |       |     1 ||     1
  Use: Scroll            |     1 |     6 |     7 |     5 ||    19
       Potion            |       |       |     9 |     5 ||    14
 Stab: Sleeping          |     7 |     7 |     3 |     7 ||    24
       Distracted        |       |       |     1 |       ||     1
  Eat: Chunk             |     1 |     7 |    12 |    12 ||    32
       Fruit             |       |       |     2 |     1 ||     3
       Bread ration      |       |       |     1 |       ||     1
Armor: Robe              |    29 |    63 |       |       ||    92
       Troll leather arm |       |    20 |   119 |    56 ||   195
       Skin              |       |       |    23 |       ||    23
       Shadow dragon sca |       |       |   159 |   126 ||   285
Dodge: Dodged            |    34 |   125 |   208 |   128 ||   495
